 Dungeon Crawl Stone Soup version 0.27-a0-773-gaaee5cf (webtiles) character file.

Game seed: 8335902730344936524

345 Minkie the Skirmisher (level 6, 0/41 HPs)
             Began as a Gargoyle Abyssal Knight on Mar 25, 2021.
             Was a Believer of Lugonu.
             Splashed by an acid dragon's acid (12 damage)
             ... on level 4 of the Dungeon.
             The game lasted 00:10:48 (2790 turns).

Minkie the Skirmisher (Gargoyle Abyssal Knight)     Turns: 2790, Time: 00:10:48

Health: 0/41       AC:  2    Str: 18    XL:     6   Next: 58%
Magic:  9/9        EV:  7    Int: 12    God:    Lugonu [**....]
Gold:   106        SH:  0    Dex: 15    Spells: 5/5 levels left

rFire    + . .     SeeInvis .   s - +0 flail
rCold    . . .     Faith    .   (no shield)
rNeg     + . .     Spirit   .   k - +0 chain mail
rPois    ∞         Reflect  .   (no helmet)
rElec    +         Harm     .   r - +0 cloak
rCorr    .         Rampage  .   (no gloves)
Will     .....                  (no boots)
Stlth    ..........             e - amulet of regeneration
HPRegen  1.13/turn              i - +6 ring of dexterity
MPRegen  0.11/turn              p - ring of protection from fire

@: corroded
A: AC +4, negative energy resistance 1, electricity resistance, torment
resistance 1, unbreathing 1, petrification resistance
a: Renounce Religion, Depart the Abyss, Bend Space


You were on level 4 of the Dungeon.
You worshipped Lugonu.
Lugonu was pleased with you.
You visited 1 branch of the dungeon, and saw 4 of its levels.
You visited the Abyss 1 time.

You collected 106 gold pieces.

Inventory:

Hand Weapons
 a - a +1 mace
 s - a +0 flail (weapon)
Armour
 k - a +0 chain mail (worn)
 r - a +0 cloak (worn)
Jewellery
 e - an amulet of regeneration (around neck)
 i - a +6 ring of dexterity (right hand)
 p - a ring of protection from fire (left hand)
Wands
 o - a wand of paralysis (9)
 q - a wand of iceblast (7)
Scrolls
 b - 2 scrolls of enchant weapon {unknown}
 c - 2 scrolls of blinking {unknown}
 g - 2 scrolls of teleportation {unknown}
 m - 2 scrolls of identify {unknown}
Potions
 d - a potion of lignification {unknown}
 f - 3 potions of resistance {unknown}
 h - 2 potions of attraction {unknown}
 j - 3 potions of curing {unknown}
 l - a potion of invisibility {unknown}
 n - a potion of heal wounds {unknown}


   Skills:
 + Level 6.0 Fighting
 - Level 2.4 Maces & Flails
 - Level 2.6 Armour
 - Level 1.0 Dodging
 + Level 4.7 Invocations


You had 5 spell levels left.
You didn't know any spells.
Your spell library contained the following spells:

 Spells                   Type           Power      Damage    Failure   Level
 Corona                   Hex            0%         N/A       99%         1
 Sandblast                Erth           0%         2d4       99%         1
 Ensorcelled Hibernation  Hex/Ice        0%         N/A       100%        2
 Passwall                 Tmut/Erth      0%         N/A       100%        2
 Confusing Touch          Hex            0%         N/A       100%        3
 Dazzling Flash           Conj/Hex       0%         N/A       100%        3
 Stone Arrow              Conj/Erth      0%         3d7       100%        3
 Tukima's Dance           Hex            0%         N/A       100%        3
 Animate Dead             Necr           0%         N/A       100%        4
 Petrify                  Tmut/Erth      0%         N/A       100%        4
 Borgnjor's Vile Clutch   Necr/Erth      0%         N/A       100%        5
 Lee's Rapid Deconstruct  Erth           0%         3d5*      100%        5
 Death Channel            Necr           0%         N/A       100%        6
 Simulacrum               Ice/Necr       0%         N/A       100%        6


Dungeon Overview and Level Annotations

Branches:
Dungeon (4/15)
 Temple: D:4-7

Altars:
Elyvilon
Hepliaklqana
Kikubaaqudgha
Makhleb
Wu Jian
Yredelemnul


Innate Abilities, Weirdness & Mutations

Your stone body is resilient. (AC +4)
You are immune to poison.
You resist negative energy. (rN+)
You are resistant to electric shocks. (rElec)
You are resistant to unholy torment.
You can survive without breathing.
You are immune to petrification.


Message History

You kill the gnoll!
Lugonu accepts your kill.
Your Fighting skill increases to level 6!
Items here: ))))))) [[ †††††.
Okay, then.
Things that are here:
a +0 whip; a +0 club; a gnoll corpse
Things that are here:
a +0 spear; a +0 club An endoplasm comes into view.
The endoplasm quivers.
Found a spear.
Found an ornate altar of the Wu Jian Council.
You hit the endoplasm.
The endoplasm is lightly wounded.
The endoplasm barely misses you.
The endoplasm hits you but does no damage.
Your chain mail prevents you from hitting the endoplasm.
The endoplasm is lightly wounded.
The endoplasm freezes you.
You are frozen.
You thump the endoplasm!
You kill the endoplasm!
Lugonu accepts your kill.
Found 13 stones.
Found 36 stones.
An acid dragon comes into view.
The acid dragon roars!
You see here a +0 dagger.
The acid dragon spits acid at you.
The splash of acid hits you but does no damage.
The acid corrodes you!
You are splashed with acid!
You hear a shout!
The acid dragon spits acid at you. The splash of acid hits you.
The acid corrodes you!
You are splashed with acid!
The acid dragon spits acid at you. The splash of acid hits you!
* * * LOW HITPOINT WARNING * * *
The acid corrodes you!
You are splashed with acid!
You die...

#.#####.###..## #.####### #.#
#.# #..# #g...g.# #.# #.# #..#
#.# #.# #.# #..# #.# #.#
#.###..# ###.# #.# #..##..#
##...## #.# ##.##..#
#.....#####.# #.##..# #
#.#....D.@..######.##..#
#.##.##..####)............#
#.......## #.######..###.#
####.##)# ###.### #..# #.#
#.#####.##.# #.....# #..# #.#
#..........###.###.####..###.#
.......#.##....# #.).........#
###...##.####### ######..#####
#...#......... ##...#


You could see an acid dragon (catching breath).

Vanquished Creatures
  A black bear (D:4)
  A scorpion (D:3)
  An orc wizard (D:4)
  A hound zombie (D:3)
  8 gnolls (D:4)
  An adder (D:2)
  A howler monkey skeleton (D:3)
  3 dart slugs
  6 orcs
  3 endoplasms
  4 giant cockroaches
  4 hobgoblins
  5 jackals
  2 quokkas (D:2)
  2 ball pythons
  A ball python skeleton (D:3)
  A ball python zombie (D:3)
  2 bats
  6 frilled lizards
  7 goblins
  A goblin skeleton (D:2)
  4 kobolds
  6 rats
71 creatures vanquished.

Vanquished Creatures (others)
  A ball python (D:2)
  An endoplasm (D:2)
  A hobgoblin (D:2)
  2 plants (D:2)
5 creatures vanquished.

Grand Total: 76 creatures vanquished

Notes
Turn   | Place    | Note
-------+----------+-------------------------------------------
     0 | Abyss:1  | Minkie the Gargoyle Abyssal Knight began the quest for the
                  | Orb.
     0 | Abyss:1  | Reached XP level 1. HP: 14/14 MP: 2/2
    71 | Abyss:1  | Found a corrupted altar of Lugonu.
    91 | Abyss:1  | Found a shimmering blue altar of Sif Muna.
   113 | Abyss:1  | Noticed a jelly
   134 | Abyss:1  | Noticed a small abomination
   134 | Abyss:1  | Noticed a raiju
   136 | D:1      | Escaped the Abyss
   535 | D:1      | You fall into a shaft and drop 1 floor!
   543 | D:2      | Reached XP level 2. HP: 16/19 MP: 3/3
   653 | D:1      | Reached * piety under Lugonu
   816 | D:1      | Reached skill level 1 in Dodging
   891 | D:1      | Reached XP level 3. HP: 23/24 MP: 4/4
   990 | D:1      | Reached skill level 4 in Fighting
  1182 | D:2      | Found an ancient bone altar of Kikubaaqudgha.
  1263 | D:2      | Noticed a human
  1264 | D:2      | Found a runed translucent door.
  1273 | D:2      | Found a basalt altar of Yredelemnul.
  1344 | D:2      | Found a faded altar of an unknown god.
  1640 | D:2      | Found a white marble altar of Elyvilon.
  1732 | D:2      | Found a hazy altar of Hepliaklqana.
  1871 | D:3      | Found a burning altar of Makhleb.
  1966 | D:3      | Reached XP level 4. HP: 30/30 MP: 5/5
  2201 | D:3      | Reached ** piety under Lugonu
  2202 | D:3      | Reached XP level 5. HP: 34/34 MP: 7/7
  2426 | D:3      | Reached skill level 5 in Fighting
  2556 | D:4      | Noticed a black bear
  2570 | D:4      | Killed a black bear
  2571 | D:4      | Reached XP level 6. HP: 25/40 MP: 7/9
  2744 | D:4      | Reached skill level 6 in Fighting
  2760 | D:4      | Found an ornate altar of the Wu Jian Council.
  2770 | D:4      | Noticed an acid dragon
  2790 | D:4      | Splashed by an acid dragon's acid

Illustrated notes

Levels and vault maps discovered:
D:1:      heliophobic_arrival_battle_scene, layout_loops_ring
D:2:      layout_basic, nicolae_overflow_crystal_walls, general_overflow_altar,
          nicolae_elyvilon_peaceful_grove, chequers_ecumenical_altar_lobes,
          dk_yredelemnul_ordeal
D:3:      layout_loops_ring, lightli_temple_of_fire, serial_undead,
          serial_undead_e, serial_undead_f, serial_undead_a, serial_undead_d,
          nrook_mini_vaults
D:4:      layout_loops_ring, nzn_wu_jian_contemplation

Skill      XL: |  1  2  3  4  5  6 |
---------------+-------------------+-----
Dodging        | 1 |  1.0
Fighting       | 4 5 6 |  6.0
Invocations    | 3 4 |  4.7
Maces & Flails | |  2.4
Armour         | |  2.6

Action                   |  1- 3 |  4- 6 || total
-------------------------+-------+-------++-------
Melee: Mace              |   126 |    98 ||   224
       Flail             |       |    21 ||    21
Invok: Depart the Abyss  |     1 |       ||     1
 Stab: Sleeping          |     1 |       ||     1
Armor: Leather armour    |    22 |       ||    22
       Chain mail        |    53 |    90 ||   143
Dodge: Dodged            |    61 |    43 ||   104

Table legend: (Time is in decaauts)
 A = Elapsed time spent in this place.
 B = Non-inter-level travel time spent in this place.
 C = Inter-level travel time spent in this place.
 D = Time resting spent in this place.
 E = Time spent auto-exploring this place.
 F = Levels seen in this place.
 G = Mean time per level.
                   A        B        C        D        E       F      G
               +--------+--------+--------+--------+--------+-----+--------+
         Total |   2859 |   2840 |     19 |      0 |   2018 |   5 |  571.8 |
       Dungeon |   2723 |   2704 |     19 |      0 |   1911 |   4 |  680.8 |
         Abyss |    136 |    136 |      0 |      0 |    107 |   1 |  136.0 |
               +--------+--------+--------+--------+--------+-----+--------+

Top non-repeatable levels by time:
     D:1: 946 daAuts
     D:2: 782 daAuts
     D:3: 684 daAuts
     D:4: 310 daAuts
 Abyss:1: 136 daAuts
